 Dungeon Crawl Stone Soup version 0.31-a0-180-g519b7de00c (webtiles) character file.

Game seed: 2760343966009019132

320 qw the Chopper (level 6, 0/38 HPs)
             Began as a Gargoyle Fighter on June 19, 2023.
             Slain by a killer bee (1 damage)
             ... on level 4 of the Dungeon.
             The game lasted 00:01:38 (3051 turns).

qw the Chopper (Gargoyle Fighter)                   Turns: 3051, Time: 00:01:39

Health: 0/38       AC: 15    Str: 21    XL:     6   Next: 46%
Magic:  6/6        EV:  7    Int:  9    God:
Gold:   186        SH:  4    Dex:  9    Spells: 5/5 levels left

rFire   . . .        Y - +1 war axe
rCold   + . .        c - +0 buckler
rNeg    + . .        j - +0 chain mail
rPois   inf          e - +0 helmet
rElec   +            (no cloak)
rCorr   .            (no gloves)
SInv    .            (no boots)
Will    .....        (no amulet) Stlth
                     (no ring)
HPRegen 0.26/turn    (no ring)
MPRegen 0.10/turn

%: clarity
@: about to teleport
A: sickness immunity, AC +4, negative energy resistance 1, electricity
resistance, torment resistance 1, petrification resistance, clarity, cold
resistance 1, shaggy fur 1
a: no special abilities


You were on level 4 of the Dungeon.
You visited 1 branch of the dungeon, and saw 4 of its levels.

You collected 186 gold pieces.


Innate Abilities, Weirdness & Mutations

You are immune to sickness and miasma.
Your stone body is resilient. (AC +4)
You are immune to poison.
You resist negative energy. (rN+)
You are resistant to electric shocks. (rElec)
You are resistant to unholy torment.
You are immune to petrification.
You possess an exceptional clarity of mind.
Your flesh is cold resistant. (rC+)
You are covered in fur. (AC +1)


   Skills:
 - Level 4.0 Fighting
 + Level 5.7 Axes
 - Level 3.2 Armour
 - Level 3.2 Shields


You had 5 spell levels left.
You didn't know any spells.
Your spell library was empty.

Inventory:

Hand Weapons
 g - a +0 flail
 Y - a +1 war axe (weapon)
Armour
 c - a +0 buckler (worn)
 e - a +0 helmet (worn)
 j - a +0 chain mail (worn)
Scrolls
 k - 2 scrolls of identify
Potions
 d - 2 potions of might
 f - a potion of cancellation
 h - a potion of resistance
 l - a potion of curing

Dungeon Overview and Level Annotations

Branches:
Dungeon (4/15)
 Temple: D:4-7

Altars:
Elyvilon


Message History

You miss the killer bee.
The killer bee stings you but does no damage.
The killer bee stings you. x2; You block the killer bee's attack.
You miss the killer bee.
The killer bee is heavily wounded.
You barely miss the killer bee. The killer bee barely misses you.
The killer bee completely misses you.
The killer bee stings you but does no damage.
The killer bee stings you. The killer bee closely misses you.
The killer bee stings you but does no damage.
You miss the killer bee.
The killer bee is heavily wounded.
You miss the killer bee. The killer bee stings you. x3
The killer bee stings you but does no damage.
You miss the killer bee.
The killer bee is heavily wounded.
You barely miss the killer bee. The killer bee closely misses you.
The killer bee stings you but does no damage.
The killer bee stings you. The killer bee closely misses you.
The killer bee stings you but does no damage. x2
You closely miss the killer bee.
The killer bee is heavily wounded.
You hit the killer bee.
The killer bee stings you but does no damage.
You block the killer bee's attack. The killer bee completely misses you.
The killer bee stings you.
You barely miss the killer bee.
The killer bee is heavily wounded.
You hit the killer bee but do no damage.
The killer bee stings you! You block the killer bee's attack.
The killer bee barely misses you.
The killer bee stings you but does no damage. x2
The killer bee stings you.
3051 ||| READING scroll of teleportation.
As you read the scroll of teleportation, it crumbles to dust.
You feel strangely unstable. The killer bee stings you.
You die...

#.%...# #.##.#
#####.# #.....
#.# #####.####
#.# #.....##..
#.# #.######.#
#.# #.# #.# #.#
#.# #.# #.# #.#
#.# #@# #.# #.#
#....yy# #.# #.#
##.##### #.# #.#
#.# #.# #.# #.#
#######.######.#
........)g..))..
######.######.#
#.# #.#


You could see 2 killer bees.

Vanquished Creatures
  A jelly (D:4)
  2 orc wizards (D:4)
  12 gnolls
  2 adders (D:2)
  A worm (D:3)
  A dart slug (D:3)
  5 orcs
  3 bats
  9 endoplasms
  3 giant cockroaches
  5 goblins
  10 hobgoblins
  7 jackals
  8 kobolds
  6 quokkas
  15 ball pythons
  4 kobold zombies (D:4)
  5 rats
99 creatures vanquished.

Notes
Turn   | Place    | Note
-------+----------+-------------------------------------------
     0 | D:1      | qw the Gargoyle Fighter began the quest for the Orb.
     0 | D:1      | Reached XP level 1. HP: 14/14 MP: 1/1
     0 | D:1      | 0 ||| qw: Version: 0.3-a-7-ge0c9b40
     0 | D:1      | 0 ||| qw: Game counter: 947
     0 | D:1      | 0 ||| qw: Always use a shield: true
     0 | D:1      | 0 ||| qw: God list: Okawaru
     0 | D:1      | 0 ||| qw: Allow faded altars: false
     0 | D:1      | 0 ||| qw: Do Orc after D:15 true
     0 | D:1      | 0 ||| qw: Do second Lair branch before Depths: true
     0 | D:1      | 0 ||| qw: Lair rune preference: random
     0 | D:1      | 0 ||| qw: Plans: Normal, Zot:1-4, Slime:5, God:TSO, Crypt,
                  | Tomb, Abyss, Pan, Hells, Win
     0 | D:1      | 0 ||| PLANNING D:1-11
    28 | D:1      | Reached skill level 2 in Axes
    35 | D:1      | Reached XP level 2. HP: 19/19 MP: 2/2
   239 | D:1      | 239 ||| Stepping ~*~*~tactically~*~*~ (stealth).
   240 | D:1      | 240 ||| Stepping ~*~*~tactically~*~*~ (stealth).
   255 | D:1      | 255 ||| Stepping ~*~*~tactically~*~*~ (stealth).
   259 | D:1      | Reached skill level 3 in Axes
   291 | D:1      | Reached XP level 3. HP: 23/23 MP: 3/3
   412 | D:1      | 412 ||| Stepping ~*~*~tactically~*~*~ (stealth).
   637 | D:1      | 637 ||| UPGRADING to +0 chain mail.
   647 | D:1      | 647 ||| DROPPING +0 scale mail.
   648 | D:1      | 648 ||| READING 2 scrolls labelled NAISSEX BYL.
   652 | D:1      | 652 ||| READING scroll labelled NEALOEV IPESOIXZU.
   653 | D:1      | 653 ||| READING 2 scrolls labelled PIDIOT PIEX.
   654 | D:1      | 654 ||| READING scroll labelled MUSAGE INWAUZ.
   655 | D:1      | 655 ||| DRINKING 2 metallic inky potions.
   655 | D:1      | Gained mutation: You are vulnerable to cold. (rC-) [potion
                  | of mutation]
   655 | D:1      | Gained mutation: You have large cloven feet. [potion of
                  | mutation]
   655 | D:1      | Gained mutation: Your natural rate of healing is unusually
                  | fast. [potion of mutation]
   656 | D:1      | 656 ||| DRINKING potion of mutation.
   656 | D:1      | Lost mutation: You have large cloven feet. [potion of
                  | mutation]
   656 | D:1      | Lost mutation: Your natural rate of healing is unusually
                  | fast. [potion of mutation]
   656 | D:1      | Lost mutation: You are vulnerable to cold. (rC-) [potion of
                  | mutation]
   656 | D:1      | Gained mutation: You have hidden genetic potential. [potion
                  | of mutation]
   656 | D:1      | Gained mutation: You are covered in fur. (AC +1) [potion of
                  | mutation]
   688 | D:2      | Reached XP level 4. HP: 28/28 MP: 4/4
   690 | D:2      | 690 ||| DROPPING +0 club.
   718 | D:2      | Reached skill level 4 in Axes
   721 | D:2      | 721 ||| Stepping ~*~*~tactically~*~*~ (stealth).
   722 | D:2      | 722 ||| Stepping ~*~*~tactically~*~*~ (stealth).
   726 | D:2      | Gained mutation: Your flesh is cold resistant. (rC+)
                  | [hidden potential]
  1325 | D:2      | 1325 ||| UPGRADING to +0 helmet.
  1330 | D:2      | 1330 ||| READING scroll labelled WITUIV UCUA.
  1331 | D:2      | 1331 ||| READING scroll labelled NIOSHR ENUBBOYT.
  1332 | D:2      | 1332 ||| DRINKING 2 golden potions.
  1333 | D:2      | 1333 ||| DRINKING 2 cyan potions.
  1334 | D:2      | 1334 ||| READING 3 scrolls of identify.
  1334 | D:2      | 1334 ||| IDENTIFYING grey potion
  1335 | D:2      | 1335 ||| READING 2 scrolls of identify.
  1335 | D:2      | 1335 ||| IDENTIFYING murky inky potion
  1336 | D:2      | 1336 ||| DROPPING potion of degeneration.
  1359 | D:3      | Reached XP level 5. HP: 32/32 MP: 5/5
  1372 | D:3      | 1372 ||| Stepping ~*~*~tactically~*~*~ (stealth).
  1409 | D:3      | 1409 ||| DROPPING +0 whip.
  1441 | D:3      | 1441 ||| Stepping ~*~*~tactically~*~*~ (hiding).
  1764 | D:3      | Gained mutation: You possess an exceptional clarity of
                  | mind. [hidden potential]
  1764 | D:3      | Lost mutation: You have hidden genetic potential. [hidden
                  | potential expressed]
  2041 | D:3      | 2041 ||| READING scroll labelled MORPHA PUWUITE.
  2042 | D:3      | 2042 ||| READING 2 scrolls of identify.
  2042 | D:3      | 2042 ||| IDENTIFYING bubbling ruby potion
  2043 | D:3      | 2043 ||| DROPPING potion of ambrosia.
  2178 | D:4      | 2178 ||| Stepping ~*~*~tactically~*~*~ (hiding).
  2188 | D:4      | Reached skill level 5 in Axes
  2189 | D:4      | HP: 5/32 [gnoll/+0 spear (5)]
  2190 | D:4      | 2190 ||| READING 3 scrolls of teleportation.
  2195 | D:4      | 2195 ||| READING 2 scrolls of teleportation.
  2198 | D:4      | HP: 2/32 [gnoll/+0 spear (3)]
  2517 | D:4      | 2517 ||| FLEEEEING.
  2518 | D:4      | 2518 ||| FLEEEEING.
  2519 | D:4      | 2519 ||| FLEEEEING.
  2529 | D:4      | 2529 ||| Stepping ~*~*~tactically~*~*~ (stealth).
  2534 | D:4      | 2534 ||| Stepping ~*~*~tactically~*~*~ (stealth).
  2536 | D:4      | 2536 ||| Stepping ~*~*~tactically~*~*~ (hiding).
  2543 | D:4      | Reached XP level 6. HP: 38/38 MP: 6/6
  2543 | D:4      | 2543 ||| Stepping ~*~*~tactically~*~*~ (hiding).
  2697 | D:4      | 2697 ||| Stepping ~*~*~tactically~*~*~ (stealth).
  2701 | D:4      | 2701 ||| Stepping ~*~*~tactically~*~*~ (hiding).
  2849 | D:4      | Found a white marble altar of Elyvilon.
  3050 | D:4      | HP: 5/38 [killer bee (7)]
  3050 | D:4      | HP: 1/38 [killer bee (4)]
  3051 | D:4      | 3051 ||| READING scroll of teleportation.
  3051 | D:4      | Slain by a killer bee

Levels and vault maps discovered:
D:1:      minmay_arrival_semitransparent, layout_basic, hex_medium,
          minmay_split_cup_large
D:2:      layout_basic
D:3:      layout_loops_ring
D:4:      layout_basic, elyvilon_altar_3, minmay_mini_ossuary

Skill      XL: |  1  2  3  4  5 |
---------------+----------------+-----
Axes           | 2 3 4 5 |  5.7
Fighting       | 4 |  4.0
Armour         | |  3.2
Shields        | |  3.2

Action                     |  1- 3 |  4- 6 || total
---------------------------+-------+-------++-------
  Melee: War axe           |    84 |   158 ||   242
    Use: Scroll            |     4 |     9 ||    13
         Potion            |     2 |     2 ||     4
 Armour: Scale mail        |    48 |       ||    48
         Chain mail        |     4 |    93 ||    97
  Dodge: Dodged            |    36 |    64 ||   100
  Block: Buckler           |    18 |    22 ||    40

Table legend:
 A = Non-vault XP
 B = Vault XP
 C = Vault XP percentage of total XP
 D = Non-vault monster count
 E = Vault monster count
 F = Vault count percentage of total count
                 A         B        C        D         E       F
            +---------+---------+-------+---------+---------+-------
      Total |     447 |      11 |   2.4 |      91 |       8 |   8.1
            +---------+---------+-------+---------+---------+-------
        D:1 |      42 |       7 |  14.3 |      24 |       4 |  14.3
        D:2 |     115 |       0 |   0.0 |      25 |       0 |   0.0
        D:3 |      43 |       0 |   0.0 |      19 |       0 |   0.0
        D:4 |     247 |       4 |   1.6 |      23 |       4 |  14.8
            +---------+---------+-------+---------+---------+-------
